 Dungeon Crawl Stone Soup version 0.28.0-53-g5a82cb258f (webtiles) character file.

Game seed: 18035759583619658757

15779 Plasmagod the Cleaver (level 12, -10/73 HPs)
             Began as a Gargoyle Monk on July 15, 2022.
             Was a High Priest of Cheibriados.
             Mangled by a skeletal warrior
             ... wielding a +0 halberd
             ... led by a skeletal warrior
              (13 damage)
             ... on level 12 of the Dungeon.
             The game lasted 00:47:27 (12318 turns).

Plasmagod the Cleaver (Gargoyle Monk)              Turns: 12318, Time: 00:47:27

Health: -10/73     AC: 26    Str: 28    XL:     12   Next: 30%
Magic:  0/17       EV: 15    Int: 25    God:    Cheibriados [*****.]
Gold:   699        SH:  0    Dex: 26    Spells: 10/11 levels left

rFire   . . .      SeeInvis +   O - +10 dark maul {vorpal}
rCold   . . .      Faith    .   (shield currently unavailable)
rNeg    + . .      Spirit   +   i - +1 ring mail
rPois   ∞          Reflect  .   y - +1 helmet {SInv}
rElec   +          Harm     .   s - +0 cloak
rCorr   .          Rampage  .   x - +0 pair of gloves
Will    .....                   I - +0 pair of boots
Stlth   ++++......              F - amulet of guardian spirit
HPRegen 0.22/turn               h - +4 ring of protection
MPRegen 0.15/turn               q - +4 ring of slaying

@: very slow
A: sickness immunity, AC +8, negative energy resistance 1, electricity
resistance, torment resistance 1, petrification resistance, noise suppression
a: Renounce Religion, Bend Time, Temporal Distortion, Slouch, Step From Time


You were on level 12 of the Dungeon.
You worshipped Cheibriados.
Cheibriados was extremely pleased with you.
You visited 2 branches of the dungeon, and saw 13 of its levels.

You collected 1318 gold pieces.
You spent 619 gold pieces at shops.

Inventory:

Hand Weapons
 a - a +1 mace
 c - the +10 war axe "Ihil" {venom, Fly Dex+4}
   (You bought it in a shop on level 3 of the Dungeon)

   It poisons the flesh of those it strikes.
   Dex:       It affects your dexterity (+4).
   Fly:       It grants you flight.
 d - the +4 flail "Ogedghiro" {elec, *Slow rCorr Int+3 Dex+4}
   (You bought it in a shop on level 1 of the Dungeon)

   It occasionally discharges a powerful burst of electricity upon striking a
   foe.
   Int:       It affects your intelligence (+3).
   Dex:       It affects your dexterity (+4).
   rCorr:     It protects you from acid and corrosion.
   *Slow:     It may slow you when you take damage.
 O - the +10 dark maul (weapon) {vorpal}
   (You took it off a two-headed ogre on level 10 of the Dungeon)

   It inflicts extra damage upon your enemies.
Missiles
 e - 7 javelins (quivered)
Armour
 i - a +1 ring mail (worn)
 s - a +0 cloak (worn)
 x - a +0 pair of gloves (worn)
 y - a +1 helmet of see invisible (worn)
 G - an orb of light
 I - a +0 pair of boots (worn)
Jewellery
 h - a +4 ring of protection (left hand)
 q - a +4 ring of slaying (right hand)
 r - a ring of see invisible
 F - an amulet of guardian spirit (around neck)
 M - a ring of wizardry
Wands
 m - a wand of charming (7)
 u - a wand of mindburst (18)
 B - a wand of iceblast (2)
 H - a wand of flame (9)
 J - a wand of polymorph (9)
Scrolls
 f - 4 scrolls of teleportation
 j - 2 scrolls of enchant weapon
 o - 3 scrolls of enchant armour
 t - 2 scrolls of silence
 w - a scroll of fear
 D - 3 scrolls of magic mapping
 N - 2 scrolls of fog
Potions
 b - 3 potions of might
 g - 2 potions of attraction
 k - a potion of lignification {unknown}
 l - 2 potions of berserk rage
 p - 4 potions of flight
 z - a potion of brilliance {unknown}
 A - 5 potions of curing
 C - 2 potions of haste {unknown}
 E - a potion of ambrosia {unknown}
 L - a potion of invisibility {unknown}


   Skills:
 + Level 8.1 Fighting
 + Level 12.6(13.6) Axes
 * Level 9.5(12.8) Maces & Flails
 + Level 2.5 Throwing
 + Level 6.4 Armour
 + Level 4.8 Dodging
 + Level 7.1 Stealth
 * Level 7.8 Invocations


You had 10 spell levels left.
You knew the following spells:

 Your Spells              Type           Power      Damage    Failure   Level
a - Sandblast             Erth           0%         2d4       19%         1

Your spell library contained the following spells:

 Spells                   Type           Power      Damage    Failure   Level
 Pain                     Necr           0%         1d4       19%         1
 Passwall                 Tmut/Erth      0%         N/A       28%         2
 Confusing Touch          Hex            0%         N/A       50%         3
 Ozocubu's Armour         Ice            0%         N/A       50%         3
 Stone Arrow              Conj/Erth      0%         3d7       50%         3
 Animate Armour           Summ/Erth      0%         N/A       88%         4
 Agony                    Necr           0%         N/A       99%         5
 Blade Hands              Tmut           0%         N/A       99%         5
 Excruciating Wounds      Necr           0%         N/A       99%         5
 Yara's Violent Unravell  Hex/Tmut       0%         3d3       99%         5
 Iron Shot                Conj/Erth      0%         9d1       100%        6
 Enfeeble                 Hex            0%         N/A       100%        7
 Ozocubu's Refrigeration  Ice            0%         4d5       100%        7


Dungeon Overview and Level Annotations

Branches:
Dungeon (12/15)            Temple (1/1) D:5            Lair (0/6) D:9
    Orc (0/2) D:11

Altars:
Ashenzari
Cheibriados
Dithmenos
Elyvilon
Fedhas
Gozag
Hepliaklqana
Kikubaaqudgha
Makhleb
Nemelex Xobeh
Okawaru
Qazlal
Ru
Sif Muna
Trog
Uskayaw
Vehumet
Wu Jian
Xom
Yredelemnul
Zin
The Shining One

Shops:
D:1 [[(   D:3 (   D:6 [

Annotations:
D:8 1 runed translucent door, duchin's ghost, novice PaFi


Innate Abilities, Weirdness & Mutations

You are immune to sickness and miasma.
Your stone body is resilient. (AC +8)
You are immune to poison.
You resist negative energy. (rN+)
You are resistant to electric shocks. (rElec)
You are resistant to unholy torment.
You are immune to petrification.
You passively dampen the noise of your surroundings.


Message History

You pound the skeletal warrior like an anvil!!!!
You destroy the skeletal warrior!
Cheibriados appreciates the change of pace.
The skeletal warrior hits you with a +1 dire flail of protection!!
The skeletal warrior barely misses you.
The skeletal warrior hits you but does no damage.
You closely miss the skeletal warrior.
The skeletal warrior completely misses you.
The skeletal warrior barely misses you.
The skeletal warrior hits you but does no damage. x2
You closely miss the skeletal warrior. The skeletal warrior misses you.
The skeletal warrior hits you but does no damage. x2
The skeletal warrior misses you.
The skeletal warrior hits you from afar with a +0 halberd!
Activating: Slouch (6% risk of failure)
Press: ? - help, Dir - look around, f - activate You can feel time thicken for a moment.
Cheibriados lowers the support of your attributes as your movement quickens.
The skeletal warrior hits you with a +1 dire flail of protection!
* * * LOW HITPOINT WARNING * * *
The skeletal warrior hits you from afar with a +0 halberd!
* * * LOW HITPOINT WARNING * * *
Okay, then.
Okay, then.
Blink to where?
Press: ? - help, Dir - move target
As you read the scroll of blinking, it crumbles to dust.
A skeletal warrior opens the door.
There is an open door here.
Okay, then.
Okay, then.
You can't see any enemies this would affect, really read the scroll of fear?
Okay, then.
As you read the scroll of teleportation, it crumbles to dust.
You feel strangely unstable.
The skeletal warrior hits you from afar with a +0 halberd.
* * * LOW HITPOINT WARNING * * *
Your surroundings seem slightly different.
The skeletal warrior hits you from afar with a +0 halberd!
You die...

....#...................#
....#...................#
..†.#...................#
###.#..######.####...^...
..#.#..'....#.#..###.....
..#.'..#....#.#......#...
..#.#..#....#.#......#...
..#.#..#....#.#......# ..
..'.#..#....#.#.@....#
#'#.#..#....#§'.z....#
....#..#....#.#.z....#
....#..#....#.'..<...#
..<.#..######.#z.....# .
##..# ........#......#
... #..#
........#'##'###.....
#..#
..........z...).z....
....
#............#####.##


You could see 3 skeletal warriors.

Vanquished Creatures
  3 boulder beetles
  A centaur warrior (D:9)
  5 two-headed ogres
  A skeletal warrior (D:12)
  4 cyclopes
  2 gargoyles (D:11)
  A komodo dragon (D:9)
  An unseen horror (D:11)
  A kobold demonologist (D:9)
  A troll (D:11)
  A wraith (D:11)
  A wyvern (D:10)
  12 yaks
  A steam dragon (D:9)
  A hornet zombie (D:7)
  6 orc warriors
  An ice beast (D:5)
  2 black bears
  2 necrophages
  3 ogres
  8 centaurs
  A phantom (D:5)
  5 kobold brigands
  3 bullfrogs
  A gnoll sergeant (D:10)
  2 scorpions
  A water moccasin zombie (D:5)
  4 killer bees (D:9)
  3 wights (D:9)
  A howler monkey (D:9)
  An electric eel (D:7)
  A bullfrog zombie (D:5)
  A lava snake (D:9)
  4 centaur zombies
  A hound (D:5)
  2 bullfrog skeletons (D:6)
  6 orc priests
  4 iguanas
  4 jellies
  4 centaur skeletons
  9 orc wizards
  3 killer bee zombies
  A hound zombie (D:3)
  A hound skeleton (D:4)
  2 howler monkey zombies
  4 gnolls (D:10)
  5 adders
  A white imp (D:8)
  4 ufetubi
  2 worms
  4 dart slugs
  46 orcs
  10 ball pythons
  13 bats
  5 endoplasms
  9 giant cockroaches
  5 goblins
  11 hobgoblins
  5 jackals (D:2)
  3 quokkas
  4 frilled lizards
  20 kobolds
  6 rats
280 creatures vanquished.

Vanquished Creatures (others)
  6 fungi (D:9)
  18 plants
24 creatures vanquished.

Grand Total: 304 creatures vanquished

Notes
Turn   | Place    | Note
-------+----------+-------------------------------------------
     0 | D:1      | Plasmagod the Gargoyle Monk began the quest for the Orb.
     0 | D:1      | Reached XP level 1. HP: 14/14 MP: 1/1
   489 | D:1      | Reached XP level 2. HP: 5/19 MP: 2/2
   740 | D:1      | Found Uliocsuu's Antique Armour Boutique.
  1013 | D:1      | Found Lahenkem's Armour Shop.
  1025 | D:1      | Found Yveluam's Antique Weapon Boutique.
  1034 | D:1      | Reached XP level 3. HP: 24/24 MP: 3/3
  1196 | D:1      | Found a faded altar of an unknown god.
  1547 | D:1      | Identified a scroll of acquirement
  1547 | D:1      | Acquired 779 gold pieces
  1693 | D:1      | Bought a smoking flail for 238 gold pieces
  1693 | D:1      | Identified the +4 flail "Ogedghiro" {elec, *Slow rCorr
                  | Int+3 Dex+4} (You bought it in a shop on level 1 of the
                  | Dungeon)
  2092 | D:2      | Reached XP level 4. HP: 29/29 MP: 4/4
  2875 | D:3      | Noticed an ogre
  2879 | D:3      | Killed an ogre
  2880 | D:3      | Reached skill level 1 in Armour
  2880 | D:3      | Reached XP level 5. HP: 33/33 MP: 5/5
  3054 | D:3      | Found Askagiw's Antique Weapon Shop.
  3275 | D:3      | Reached XP level 6. HP: 38/38 MP: 6/6
  3577 | D:4      | Reached skill level 5 in Maces & Flails
  3653 | D:4      | Found a white marble altar of Elyvilon.
  3920 | D:4      | Reached XP level 7. HP: 33/44 MP: 7/7
  4012 | D:4      | Found a radiant altar of Vehumet.
  4270 | D:5      | Entered Level 5 of the Dungeon
  4287 | D:5      | Found a staircase to the Ecumenical Temple.
  4297 | Temple   | Entered the Ecumenical Temple
  4470 | Temple   | Became a worshipper of Cheibriados the Contemplative
  4470 | Temple   | Reached * piety under Cheibriados
  4470 | Temple   | Reached ** piety under Cheibriados
  4521 | D:5      | Reached skill level 5 in Stealth
  4779 | D:5      | Reached skill level 1 in Invocations
  4991 | D:5      | Reached XP level 8. HP: 48/48 MP: 9/9
  4997 | D:5      | Reached skill level 5 in Fighting
  5182 | D:5      | Found a basalt altar of Yredelemnul.
  5628 | D:6      | Learned a level 1 spell: Sandblast
  5665 | D:6      | Found Noloiss's Antique Armour Shop.
  5680 | D:6      | Bought a runed helmet for 135 gold pieces
  6301 | D:7      | Reached XP level 9. HP: 53/54 MP: 11/11
  6482 | D:7      | Reached *** piety under Cheibriados
  6928 | D:7      | Found a glowing silver altar of Zin.
  6998 | D:8      | Found a runed translucent door.
  7000 | D:8      | Noticed duchin's ghost (novice PaFi)
  7035 | D:8      | Reached skill level 1 in Throwing
  7096 | D:8      | Acquired a manual of Axes
  7191 | D:3      | Bought a smoking war axe for 246 gold pieces
  7191 | D:3      | Identified the +10 war axe "Ihil" {venom, Fly Dex+4} (You
                  | bought it in a shop on level 3 of the Dungeon)
  7438 | D:8      | Found a sacrificial altar of Ru.
  7514 | D:8      | Reached skill level 1 in Axes
  7521 | D:8      | Reached skill level 2 in Axes
  7530 | D:8      | Reached skill level 3 in Axes
  7532 | D:8      | Reached skill level 4 in Axes
  7537 | D:8      | Gained mutation: You are clumsy. (Dex -2) [potion of
                  | mutation]
  7537 | D:8      | Gained mutation: Your magical capacity is low. (-10% MP)
                  | [potion of mutation]
  7537 | D:8      | Lost mutation: You are clumsy. (Dex -2) [potion of
                  | mutation]
  7537 | D:8      | Gained mutation: You expend magic power (3 MP) to
                  | strengthen your wands. [potion of mutation]
  7541 | D:8      | Reached skill level 5 in Axes
  7543 | D:8      | Reached skill level 5 in Armour
  7543 | D:8      | Reached skill level 5 in Invocations
  7545 | D:8      | Reached **** piety under Cheibriados
  7546 | D:8      | Reached skill level 6 in Axes
  7546 | D:8      | Reached XP level 10. HP: 32/60 MP: 12/12
  7844 | D:8      | Reached skill level 7 in Axes
  8086 | D:8      | Lost mutation: You expend magic power (3 MP) to strengthen
                  | your wands. [potion of mutation]
  8086 | D:8      | Lost mutation: Your magical capacity is low. (-10% MP)
                  | [potion of mutation]
  8086 | D:8      | Gained mutation: Your body sometimes deteriorates upon
                  | taking damage. [potion of mutation]
  8086 | D:8      | Lost mutation: Your body sometimes deteriorates upon taking
                  | damage. [potion of mutation]
  8086 | D:8      | Gained mutation: You passively dampen the noise of your
                  | surroundings. [potion of mutation]
  8410 | D:9      | Noticed a centaur warrior
  8414 | D:9      | Killed a centaur warrior
  8415 | D:9      | Reached skill level 8 in Axes
  8430 | D:9      | Noticed a two-headed ogre
  8596 | D:9      | Killed a two-headed ogre
  8597 | D:9      | Reached skill level 9 in Axes
  8856 | D:9      | Reached skill level 10 in Axes
  8880 | D:9      | Found a staircase to the Lair.
  8884 | D:9      | Reached ***** piety under Cheibriados
  9093 | D:9      | Noticed a kobold demonologist
  9102 | D:9      | Noticed an orange demon
  9102 | D:9      | Killed a kobold demonologist
  9112 | D:9      | Reached skill level 11 in Axes
  9112 | D:9      | Reached XP level 11. HP: 66/66 MP: 15/15
  9304 | D:9      | Found a glowing golden altar of the Shining One.
  9519 | D:10     | Entered Level 10 of the Dungeon
 10239 | D:10     | Noticed a cyclops
 10245 | D:10     | Killed a cyclops
 10438 | D:10     | Noticed a cyclops
 10441 | D:10     | Noticed a cyclops
 10444 | D:10     | Killed a cyclops
 10448 | D:10     | Killed a cyclops
 10452 | D:10     | Noticed a two-headed ogre
 10452 | D:10     | Noticed a two-headed ogre
 10461 | D:10     | Killed a two-headed ogre
 10462 | D:10     | Reached skill level 12 in Axes
 10464 | D:10     | Killed a two-headed ogre
 10643 | D:10     | Noticed a two-headed ogre
 10653 | D:10     | Killed a two-headed ogre
 10933 | D:10     | Noticed a two-headed ogre
 10937 | D:10     | Killed a two-headed ogre
 11282 | D:11     | Noticed a cyclops
 11288 | D:11     | Killed a cyclops
 11571 | D:11     | Found a staircase to the Orcish Mines.
 11766 | D:11     | Noticed a boulder beetle
 11771 | D:11     | Killed a boulder beetle
 11772 | D:11     | Reached XP level 12. HP: 50/73 MP: 17/17
 11924 | D:11     | Noticed a boulder beetle
 11930 | D:11     | Killed a boulder beetle
 12250 | D:12     | Noticed a boulder beetle
 12256 | D:12     | Killed a boulder beetle
 12317 | D:12     | HP: 3/73 [skeletal warrior/+0 halberd[a skeletal warrior]
                  | (4)]
 12318 | D:12     | Mangled by a skeletal warrior

Illustrated notes

Levels and vault maps discovered:
D:1:      minmay_arrival_stone_box, layout_loops_ring,
          hellmonk_ecumenical_altar_run_dry, serial_shops, shop,
          nicolae_shop_hallway_stairs, shop, hangedman_decor_push
D:2:      layout_loops_corners, hex_tiny
D:3:      layout_loops_ring, serial_shops, shop, minmay_crystal_room,
          minmay_unequal
D:4:      layout_loops_ring, mainiacjoe_overflow_catwalk,
          nicolae_elyvilon_temple_path
D:5:      layout_basic, mainiacjoe_overflow_24_doors, temple_fountains,
          minivault_19, kennysheep_generic_room_8
D:6:      layout_basic, serial_shops, shop
D:7:      layout_cave_pools, lemuel_coloured_pillars_altar, minivault_11,
          lightli_minifort
D:8:      layout_basic, mainiacjoe_overflow_alcove_1, hellmonk_ghost_big_iron
D:9:      layout_cave_pools, tso_oasis_becter, grunt_lair_entry_orc_guard_hut,
          serial_column_ruins, column_ruins_grid_4, column_ruins_open_medium,
          column_ruins_grid_3, column_ruins_corridor_plus,
          column_ruins_columns_dead_end, kennysheep_island_fort
D:10:     layout_irregular_city, hellmonk_guarded_unrand_dark_maul
D:11:     layout_rooms, hiddenorc2_lemuel,
          nicolae_concentric_dashed_squares_wild
D:12:     layout_irregular_city, portal_ice_cave_entry_pillars_2,
          minmay_misc_feat_x, drop_trap, nrook_mini_vaults,
          nicolae_wu_jian_glorious_leap
Temple:   eino_temple_scatter_basement

Skill      XL: |  1  2  3  4  5  6  7  8  9 10 11 12 |
---------------+-------------------------------------+-----
Stealth        | 3 4 5 6 7 |  7.1
Fighting       | 4 5 6 7 8 |  8.1
Maces & Flails | 4 5 6 7 8 9 |  9.5
Armour         | 1 2 3 4 5 6 |  6.4
Dodging        | 3 4 |  4.8
Invocations    | 2 3 5 6 7 |  7.8
Throwing       | 1 2 |  2.5
Axes           | 6 11 12 | 12.6

Action                   |  1- 3 |  4- 6 |  7- 9 | 10-12 || total
-------------------------+-------+-------+-------+-------++-------
Melee: Mace              |    95 |       |       |       ||    95
       Flail             |    29 |    99 |   150 |       ||   278
       Punch             |       |     2 |     1 |       ||     3
       War axe           |       |       |    41 |   132 ||   173
       Maul              |       |       |       |    66 ||    66
Throw: Javelin           |       |     4 |     7 |    31 ||    42
Invok: Bend Time         |       |       |       |     2 ||     2
       Slouch            |       |       |       |     2 ||     2
  Use: Scroll            |     5 |     4 |     4 |     8 ||    21
       Potion            |       |       |     3 |     1 ||     4
 Stab: Sleeping          |     8 |    10 |    12 |     7 ||    37
Armor: Robe              |    58 |       |       |       ||    58
       Ring mail         |     4 |    45 |    86 |   162 ||   297
Dodge: Dodged            |   108 |    58 |   120 |   249 ||   535
